AoeStats
← NDF

Arabia

507174503Analyzed
1v1 RM · 15d ago on Sep 17, 2026· 32m 11s· 2 players
Game mode
Random Map
Map size
Tiny (2 player)
Population
200
Speed
Normal
Resources
Standard
Victory
Conquest
Starting age
Dark Age
Ending age
Imperial Age
RankedLock teamsTeams togetherTeam positionsShared explorationLock speedFull tech treeHidden civsTurbo modeCheats
Victory
Defeat
🇦🇷 Teutons · Argentina
576
+16
🇦🇷 Vietnamese · Argentina
580
-16
NDF
2:57 Loom
13:05 Feudal Age
14:39 Man-at-Arms
22:07 Castle Age
20:27 Horse Collar
20:53 Double-Bit Axe
22:48 Stone Mining
22:32 Elite Skirmisher
23:08 Gold Mining
29:31 Bow Saw
OTHOES WAN2367
4:48 Loom
9:57 Feudal Age
13:01 Wheelbarrow
17:49 Double-Bit Axe
19:08 Town Watch
21:23 Scale Barding Armor
25:09 Bloodlines
30:28 Castle Age
30:42 Elite Skirmisher
31:05 Light Cavalry
Connection lost

Rejoining the realm…

Still unreachable

The connection could not be restored.

Session expired

The server has moved on; the page needs a fresh start.